[Event "*** Titled Tuesday 3|2 Blitz"]
[Site "Chess.com"]
[Date "2016.06.07"]
[Round "6"]
[White "Alexander_Moskalenko"]
[Black "GMHess"]
[Result "1-0"]
[WhiteElo "2667"]
[BlackElo "2574"]
[TimeControl "180+2"]
[EndTime "12:17:30 PDT"]
[Termination "Alexander_Moskalenko won by resignation"]

1. e4 e5 2. Nf3 Nc6 3. Nc3 Nf6 4. d4 exd4 5. Nxd4 Bb4 6. Nxc6 bxc6 7. Bd3 O-O 8. O-O d5 9. exd5 cxd5 10. h3 c6 11. Qf3 Rb8 12. Ne2 Bd6 13. b3 Nd7 14.
Bf4 Qf6 15. Bxd6 Qxd6 16. Rfe1 Ne5 17. Qg3 Qf6 18. c3 Nxd3 19. Qxd3 Rb6 20. Qd4 Qxd4 21.
cxd4 Rb4 22. Red1 Re8 23. Nc3 h5 24. f3 Re6 25. Kf2 g5 26. Rac1 Rf6 27. Nxd5 cxd5 28. Rxc8+ Kg7 29. Rc5 Rd6 30. Ke3 Rb7 31. Kd2 Ra6 32.
Rc2 g4 33. hxg4 hxg4 34. Re1 gxf3 35. gxf3 Rg6 36. Rc5 Rd7 37. Ra5 Rg3 38. Ke3 Rg2 39.
Kf4 Rd2 40. Rg1+ Kf6 41. Ra6+ Ke7 42. Ke3 Rb2 43. Rg5 Kf8 44. Re5 Rc7 45. Rxd5 Rc3+ 46.
Kf4 Rf2 47. Rd7 Rfxf3+ 48. Ke4 Rce3+ 49. Kd5 Rf5+ 50. Kc4 Re2 51. Raxa7 Rff2 52. a4 Kg7 53. a5 Ra2 54. b4 Kg6 55. a6 f5 56. b5 f4 57.
Rg7+ Kf5 58. Raf7+ Ke4 59. Re7+ Kf3 60. Kc5 Rfc2+ 61. Kb6 Rd2 62. Rd7 Ke3 63. Rge7+ Kd3 64. Rf7 Ke3 65. Rf8 Rdb2 66. a7 f3 67. Re7+ Kf2 68. a8=Q 1-0

[Event "*** Titled Tuesday 3|2 Blitz"]
[Site "Chess.com"]
[Date "2016.06.07"]
[Round "6"]
[White "annakantane"]
[Black "andretta"]
[Result "1-0"]
[WhiteElo "2270"]
[BlackElo "2152"]
[TimeControl "180+2"]
[EndTime "12:17:31 PDT"]
[Termination "annakantane won by resignation"]

1. e4 c6 2. d4 d5 3. e5 c5 4.
Nf3 Nc6 5. dxc5 e6 6. a3 Bxc5 7.
Bd3 Nge7 8. O-O h6 9. Nc3 O-O 10. b4 Bb6 11. Na4 Bc7 12. Bb2 a6 13. Re1 b5 14.
Nc5 Bb6 15. Qe2 Ng6 16. g3 Bd7 17. h4 Bxc5 18. bxc5 Qc7 19. h5 Nge7 20. Nd4 Na5 21. Nb3 Nc4 22. Bc1 Nc6 23. Bxh6 Qxe5 24. Qg4 Qc3 25. Bg5 N6e5 26. Qf4 f6 27. Bh4 Nxd3 28. cxd3 Qxd3 29. c6 Bxc6 30. Nc5 Qf5 31. Nxe6 Qxf4 32.
Nxf4 Rfe8 33. Ng6 Kf7 34. g4 d4 35. Rad1 Rad8 36. Rxe8 Bxe8 37. Bg3 Bc6 38. Bc7 Rd7 39. Bf4 Bf3 40. Re1 Bxg4 41. Nh8+ Kg8 42. Re8+ Kh7 43. h6 gxh6 44. Rf8 Rg7 45. Kh2 Bf5 46. Nf7 Be6 47. Nxh6 Bd5 48. Nf5 Rg2+ 49. Kh3 Rg1 50. Ne7 Be6+ 51. Kh2 Rg4 52. Rxf6 Bd7 53.
Bg3 Ne5 54. Rd6 d3 55. Bxe5 Rh4+ 56. Kg3 Be6 57. Kxh4 1-0

[Event "*** Titled Tuesday 3|2 Blitz"]
[Site "Chess.com"]
[Date "2016.06.07"]
[Round "6"]
[White "MinhGTrAn"]
[Black "Rikikits"]
[Result "1-0"]
[WhiteElo "2626"]
[BlackElo "2436"]
[TimeControl "180+2"]
[EndTime "12:17:32 PDT"]
[Termination "MinhGTrAn won by resignation"]

1. d4 Nf6 2. c4 g6 3. Nc3 Bg7 4. e4 O-O 5. Bd3 d6 6. Nge2 a6 7. h3 c5 8. d5 b5 9. cxb5 axb5 10. Bxb5 Ba6 11. Bxa6 Rxa6 12. O-O Nbd7 13. Be3 Qa8 14. Qd2 Rb8 15. b3 Rxb3 16. axb3 Rxa1 17. Rxa1 Qxa1+ 18. Kh2 Qa3 19. Qc2 Qb4 20. f3 h5 21. Bd2 Qb7 22.
Nd1 Nf8 23. Ne3 e6 24. dxe6 Nxe6 25. Bc3 h4 26. Qb2 Nh5 27. Bxg7 Nexg7 28. Nd5 f5 29. Qc2 Qf7 30. Qd3 fxe4 31. Qxe4 Qe6 32. Nec3 Qxe4 33.
fxe4 Kf7 34. Kg1 Ne6 35. Kf2 Nd4 36. b4 cxb4 37. Nxb4 Ke6 38. Ke3 Nb3 39. Kf3 Nd2+ 40. Kg4 Nf6+ 41. Kf4 Nh5+ 42. Kg5 Nf6 43. Kxg6 Nc4 44.
Kg5 Ne3 45. Kf4 Nc4 46. Nc6 Nd7 47. Nd4+ Kf7 48. Nd5 Nde5 49. Nf5 Ke6 50. Nxh4 Nd3+ 51. Kf3 Ke5 52. Ng6+ Kd4 53. Nf6 Nd2+ 54. Kg4 Nf2+ 55. Kf5 Nc4 56. h4 Ne3+ 57. Kg5 Nh3+ 1-0

[Event "*** Titled Tuesday 3|2 Blitz"]
[Site "Chess.com"]
[Date "2016.06.07"]
[Round "6"]
[White "Fandorine"]
[Black "Bigfish1995"]
[Result "1-0"]
[WhiteElo "2594"]
[BlackElo "2608"]
[TimeControl "180+2"]
[EndTime "12:18:20 PDT"]
[Termination "Fandorine won on time"]

1. e4 c5 2. Nf3 Nc6 3. Bb5 e6 4. O-O Nge7 5. Re1 a6 6. Bf1 g6 7. c3 Bg7 8. d4 cxd4 9. cxd4 d5 10. e5 O-O 11. Nc3 h6 12. Bd3 Nf5 13. Bc2 b5 14. a3 Ra7 15. Bxf5 exf5 16. h4 Be6 17. Bf4 Kh7 18. Rc1 Rc7 19. Ne2 Na5 20. Rxc7 Qxc7 21. Bd2 Nc4 22. Bb4 Rc8 23. Qb1 a5 24. Bc5 Nxe5 25.
dxe5 Qxc5 26. Ned4 Qb6 27. Qd3 b4 28. h5 Rc4 29.
hxg6+ fxg6 30. axb4 Rxb4 31. b3 Bc8 32. Rc1 Bd7 33. Qe3 a4 34. bxa4 Bxa4 35. Qd3 Bb5 36. Nxb5 Rxb5 37. Nd4 Rb4 38. Nf3 Rb2 39. Rc2 Rb1+ 40.
Kh2 Rf1 41. Qxf1 Qb3 42. Qd1 g5 43. Rd2 Qc3 44. Rd3 Qc4 45. Rd4 Qc5 46. Rxd5 Qxf2 47. Qd3 Kg6 48. Rd6+ Kh5 49. Qxf5 Bxe5+ 50. Qxe5 Qc2 51.
Rxh6+ Kxh6 52. Qxg5+ Kh7 53. Qh4+ Kg8 54. Qg3+ Kf7 55.
Qf4+ Ke6 56. Ng5+ Kd5 57. Qe4+ Qxe4 58. Nxe4 Kxe4 59. Kg3 Kf5 60. Kh4 Kf6 61. Kh5 Kf5 62. g4+ Kf6 63. Kh6 Kf7 64. g5 Kg8 65. Kg6 Kh8 66.
Kf7 1-0

[Event "*** Titled Tuesday 3|2 Blitz"]
[Site "Chess.com"]
[Date "2016.06.07"]
[Round "6"]
[White "pKiLz5Rn9b"]
[Black "mwpchess"]
[Result "0-1"]
[WhiteElo "2462"]
[BlackElo "2367"]
[TimeControl "180+2"]
[EndTime "12:18:29 PDT"]
[Termination "mwpchess won by resignation"]

1. e4 c6 2. d4 d5 3. e5 Bf5 4.
Ne2 e6 5. Ng3 Bg6 6. h4 h5 7. c4 dxc4 8. Bxc4 Nd7 9. Nc3 Nb6 10.
Bb3 Be7 11. Nge2 Bxh4 12. Nf4 Bf5 13. Be3 Be7 14. Rxh5 Rxh5 15. Nxh5 Kf8 16. Bc2 Bxc2 17. Qxc2 g6 18. Ng3 Nd5 19. Nge4 Nxc3 20. bxc3 Qd5 21.
c4 Qa5+ 22. Ke2 Kg7 23. Rh1 Rd8 24. Qc1 Kf8 25. Qc2 Ke8 26. Rh7 b5 27. Kf3 bxc4 28.
Qxc4 Qd5 29. Qxd5 cxd5 30. Ng5 Bxg5 31. Bxg5 Ne7 32. Rh8+ Kd7 33. Rxd8+ Kxd8 34. Kg4 Kd7 35. Bxe7 Kxe7 36. Kg5 Kf8 37. Kf6 Ke8 38. f4 Kf8 39. a4 a5 40. g3 Ke8 41. Kg7 Ke7 42. Kh6 Kf8 43. Kg5 Ke7 44. g4 Kf8 45.
Kf6 Ke8 46. Kg7 Ke7 47. Kg8 Ke8 48. Kg7 Ke7 49. Kh7 Kf8 50. Kh6 Ke8 51. f5 gxf5 52. gxf5 exf5 53. Kg5 Kf8 54. Kf4 Ke8 55. Kxf5 Ke7 56. Kg4 Kd7 57. Kh5 Ke7 58. Kg4 Kd7 59. Kf4 Ke8 60. Kf5 Ke7 61. Kg4 Kd7 62. Kh5 Ke7 63.
Kh6 f6 64. exf6+ Kxf6 0-1

[Event "*** Titled Tuesday 3|2 Blitz"]
[Site "Chess.com"]
[Date "2016.06.07"]
[Round "7"]
[White "kereswasbest"]
[Black "cassoulet"]
[Result "0-1"]
[WhiteElo "2121"]
[BlackElo "2319"]
[TimeControl "180+2"]
[EndTime "12:20:20 PDT"]
[Termination "cassoulet won by resignation"]

1. d4 d5 2. c4 e6 3. Nc3 Nf6 4. Bg5 Be7 5. e3 O-O 6. Nf3 Nbd7 7. Bd3 a6 8. O-O dxc4 9. Bxc4 b5 10. Bb3 Bb7 11. Qe2 c5 12. Rad1 c4 13. Bc2 b4 14.
Na4 Qa5 15. b3 Bxf3 0-1

[Event "*** Titled Tuesday 3|2 Blitz"]
[Site "Chess.com"]
[Date "2016.06.07"]
[Round "7"]
[White "dretch"]
[Black "OldweakGM"]
[Result "1-0"]
[WhiteElo "2607"]
[BlackElo "2601"]
[TimeControl "180+2"]
[EndTime "12:20:21 PDT"]
[Termination "dretch won by resignation"]

1. d4 d6 2. Nf3 Bg4 3. e4 e6 4. Nc3 Nf6 5. h3 Bh5 6. Bg5 Be7 7. Qe2 c6 8. Bxf6 Bxf6 9. g4 Bg6 10. h4 h5 11. g5 Be7 12. O-O-O Bf6 13. gxf6 1-0

[Event "*** Titled Tuesday 3|2 Blitz"]
[Site "Chess.com"]
[Date "2016.06.07"]
[Round "7"]
[White "Newlight1"]
[Black "northridgehawk"]
[Result "1-0"]
[WhiteElo "2169"]
[BlackElo "1881"]
[TimeControl "180+2"]
[EndTime "12:21:48 PDT"]
[Termination "Newlight1 won by resignation"]

1. e4 e5 2. Nf3 Nc6 3. d4 exd4 4.
Bc4 Nf6 5. O-O Bc5 6. e5 d5 7. exf6 dxc4 8. fxg7 Rg8 9. Bg5 Qd5 10. Nc3 Qf5 11.
Ne4 Be7 12. Bxe7 Kxe7 13. Nxd4 Nxd4 14. Qxd4 Be6 15. Ng3 Qd5 16. Qh4+ Kd7 17. Rad1 Rxg7 18. Rxd5+ Bxd5 19. Qf6 Rg6 20. Qf5+ Be6 21. Rd1+ Ke7 22. Qc5+ Ke8 23. Ne4 c6 24. Nd6+ Kf8 25. Nf5+ Kg8 26.
Ne7+ 1-0

[Event "*** Titled Tuesday 3|2 Blitz"]
[Site "Chess.com"]
[Date "2016.06.07"]
[Round "7"]
[White "playerzr"]
[Black "Makalexa"]
[Result "0-1"]
[WhiteElo "1998"]
[BlackElo "2184"]
[TimeControl "180+2"]
[EndTime "12:22:56 PDT"]
[Termination "Makalexa won by resignation"]

1. d4 Nf6 2. c4 g6 3. Nc3 Bg7 4.
e4 d6 5. Be2 O-O 6. Be3 Nc6 7.
g4 e5 8. d5 Nd4 9. g5 Ng4 10. Bxg4 Bxg4 11. f3 Bd7 12. Nge2 Nxf3+ 13. Kf2 Nxg5 14. h4 Qf6+ 15. Kg1 Nf3+ 16. Kg2 Nxh4+ 17. Kg3 Qf3+ 0-1

[Event "*** Titled Tuesday 3|2 Blitz"]
[Site "Chess.com"]
[Date "2016.06.07"]
[Round "7"]
[White "Grootneus"]
[Black "ShimanovAlex"]
[Result "0-1"]
[WhiteElo "2092"]
[BlackElo "2644"]
[TimeControl "180+2"]
[EndTime "12:23:38 PDT"]
[Termination "ShimanovAlex won by resignation"]

1. e4 e5 2. Nf3 Qe7 3. Bc4 d6 4.
Nc3 c6 5. d4 Bg4 6. dxe5 dxe5 7. O-O Nf6 8. h3 Bh5 9. Bg5 h6 10. Bh4 Nbd7 11. Qd3 g5 12. Bg3 Bg7 13. Rad1 Bg6 14.
Rfe1 Nh5 15. Bh2 Nf4 16. Bxf4 exf4 17. Qd6 Qxd6 18. Rxd6 Ke7 19. Red1 Rad8 20. a4 Ne5 21.
Nxe5 Bxe5 22. Rxd8 Rxd8 23. Rxd8 Kxd8 24. Bd3 Bxc3 25. bxc3 a5 26. Kf1 Ke7 27. Ke2 Kd6 28.
h4 Ke5 29. hxg5 hxg5 30. g3 Bxe4 31. Bc4 f5 32. Bf7 Bxc2 33. Be8 Bxa4 34. Bd7 0-1

[Event "*** Titled Tuesday 3|2 Blitz"]
[Site "Chess.com"]
[Date "2016.06.07"]
[Round "7"]
[White "yopino"]
[Black "Aguiar94"]
[Result "0-1"]
[WhiteElo "2224"]
[BlackElo "2342"]
[TimeControl "180+2"]
[EndTime "12:23:45 PDT"]
[Termination "Aguiar94 won by resignation"]

1. e4 c5 2. Nc3 e6 3. g3 d5 4. exd5 exd5 5. Bg2 Nf6 6. d3 Be7 7. Nge2 O-O 8. O-O d4 9. Ne4 Nxe4 10. dxe4 Nc6 11.
Nf4 Bd6 12. Nd5 Re8 13. f4 Be6 14. c4 dxc3 15. Nxc3 Qd7 16. Be3 Rad8 17. Nb5 Bc4 18. Nxd6 Bxf1 0-1

[Event "*** Titled Tuesday 3|2 Blitz"]
[Site "Chess.com"]
[Date "2016.06.07"]
[Round "7"]
[White "KamilPlichta"]
[Black "VMikhalevski"]
[Result "1-0"]
[WhiteElo "2376"]
[BlackElo "2409"]
[TimeControl "180+2"]
[EndTime "12:23:56 PDT"]
[Termination "KamilPlichta won by resignation"]

1. d4 Nf6 2. g4 h6 3. h3 c5 4. Nf3 cxd4 5. Nxd4 Nc6 6. Bg2 Qb6 7. Nb3 d5 8. Nc3 e6 9. e4 dxe4 10. Nxe4 Nxe4 11.
Bxe4 Qb4+ 12. Nd2 e5 13. c3 Qb5 14. a4 Qb6 15. Nc4 Qc7 16. Qf3 Be6 17. Ne3 Rd8 18. O-O h5 19. gxh5 Qe7 20. Nf5 Bxf5 21. Qxf5 Qh4 22. Bg5 Qxh5 23. Bxc6+ bxc6 24. Qxe5+ 1-0

[Event "*** Titled Tuesday 3|2 Blitz"]
[Site "Chess.com"]
[Date "2016.06.07"]
[Round "7"]
[White "SCIM"]
[Black "SloLev"]
[Result "1-0"]
[WhiteElo "2285"]
[BlackElo "2096"]
[TimeControl "180+2"]
[EndTime "12:23:59 PDT"]
[Termination "SCIM won by resignation"]

1. d4 Nf6 2. c4 e6 3. g3 Bb4+ 4. Bd2 Qe7 5. Bg2 O-O 6. Nc3 c5 7. dxc5 Bxc5 8. Nf3 Nc6 9. O-O a6 10. a3 Rd8 11. b4 Ba7 12. Bg5 h6 13. Bxf6 Qxf6 14.
Ne4 Qe7 15. Nd6 b6 16. Qd2 Bb8 17. Rfd1 Ra7 18. Rac1 Rc7 19. h4 a5 20. b5 Na7 21.
c5 Rxc5 22. Rxc5 bxc5 23. b6 Bxd6 24. bxa7 Bb7 25. Qxd6 Qxd6 26. Rxd6 Bc6 27. Ne5 Bxg2 28. Kxg2 Kf8 29. Rxd7 Ra8 30. Rb7 Ke8 31. Rb8+ 1-0

[Event "*** Titled Tuesday 3|2 Blitz"]
[Site "Chess.com"]
[Date "2016.06.07"]
[Round "7"]
[White "Rating-Schmating"]
[Black "norwaytoadog"]
[Result "1-0"]
[WhiteElo "2184"]
[BlackElo "2026"]
[TimeControl "180+2"]
[EndTime "12:24:00 PDT"]
[Termination "Rating-Schmating won by checkmate"]

1. e4 e5 2. Nf3 Nc6 3. d4 exd4 4. Nxd4 Bc5 5. Nxc6 Qf6 6. Qf3 Qxf3 7. gxf3 dxc6 8. Nc3 Ne7 9. Be3 Bb4 10. Bd2 Be6 11. a3 Bc5 12. Be3 Bb6 13. O-O-O O-O 14. Rg1 Bxe3+ 15. fxe3 c5 16. f4 f5 17. e5 a6 18. Bg2 Rab8 19. Nd5 Nxd5 20. Bxd5 Bxd5 21. Rxd5 b6 22. Rd7 Rf7 23. Rgd1 Rxd7 24. Rxd7 Rc8 25. Kd2 Kf8 26. Kc3 h5 27. h4 g6 28. Rh7 Kg8 29. Rd7 Kf8 30. Kc4 Ke8 31. Rh7 Rd8 32.
Rh8+ Ke7 33. Rxd8 Kxd8 34. Kd5 Kd7 35. e6+ Ke7 36. Ke5 a5 37. a4 c6 38. c4 b5 39.
cxb5 cxb5 40. axb5 a4 41. b6 c4 42. b7 c3 43. b8=Q c2 44. Qd6+ Ke8 45. Qd7+ Kf8 46. Qf7# 1-0

[Event "*** Titled Tuesday 3|2 Blitz"]
[Site "Chess.com"]
[Date "2016.06.07"]
[Round "7"]
[White "Bigfish1995"]
[Black "Semetey"]
[Result "1-0"]
[WhiteElo "2613"]
[BlackElo "2462"]
[TimeControl "180+2"]
[EndTime "12:24:19 PDT"]
[Termination "Bigfish1995 won by checkmate"]

1. Nf3 d5 2. g3 Nf6 3. Bg2 c6 4.
O-O Bg4 5. d3 Nbd7 6. Nbd2 e5 7.
e4 Bd6 8. b3 O-O 9. Bb2 Re8 10.
h3 Bh5 11. Qe1 Qc7 12. Nh4 Rad8 13. a3 a5 14. Kh2 b5 15. Nf5 Bf8 16. Nf3 dxe4 17.
dxe4 Nc5 18. N3h4 Rd7 19. Bc3 Nb7 20. f4 exf4 21. gxf4 Bg6 22. Ng3 Bxe4 23. Bxe4 Nxe4 24. Nxe4 Nc5 25. Nf6+ gxf6 26. Qxe8 Ne6 27. Rg1+ Ng7 28. Rxg7+ Kxg7 29. Rg1+ Kh6 30. Nf5+ Kh5 31. Qe2# 1-0

[Event "*** Titled Tuesday 3|2 Blitz"]
[Site "Chess.com"]
[Date "2016.06.07"]
[Round "7"]
[White "Boryboy"]
[Black "1stSecond"]
[Result "0-1"]
[WhiteElo "2534"]
[BlackElo "2570"]
[TimeControl "180+2"]
[EndTime "12:24:22 PDT"]
[Termination "1stSecond won by resignation"]

1. d4 Nf6 2. Nf3 e6 3. g3 b5 4.
Bg2 Bb7 5. O-O d5 6. a4 b4 7.
a5 Bd6 8. c3 bxc3 9. Nxc3 O-O 10.
Nb5 Ba6 11. Nxd6 cxd6 12. b3 Nc6 13. Bd2 Rb8 14. Re1 Qd7 15. Bf1 Qb7 16. Rb1 Rfc8 17. e3 Bxf1 18. Rxf1 Qb5 19. b4 Ne4 20. Be1 a6 21.
Qb3 Nxa5 22. Qa2 Nc4 23. Ra1 Rc6 24. Nh4 g5 25. Nf3 h6 26. Qa4 Qxa4 27. Rxa4 Nb2 28. Ra2 Nd3 29. Ra4 g4 30. Nh4 Rc1 31. Ng2 Ng5 32. Rxa6 Nh3+ 0-1

[Event "*** Titled Tuesday 3|2 Blitz"]
[Site "Chess.com"]
[Date "2016.06.07"]
[Round "7"]
[White "gmcorrales"]
[Black "matej2221"]
[Result "0-1"]
[WhiteElo "2511"]
[BlackElo "2456"]
[TimeControl "180+2"]
[EndTime "12:25:10 PDT"]
[Termination "matej2221 won by resignation"]

1. e4 e5 2. Nf3 Nc6 3. Bb5 a6 4.
Bxc6 dxc6 5. d4 exd4 6. Qxd4 Qxd4 7. Nxd4 Bd7 8. Nc3 O-O-O 9. Be3 Re8 10. O-O-O Bb4 11. Nde2 f5 12. exf5 Bxf5 13. a3 Bd6 14. Bf4 Bc5 15. Nd4 Bg6 16. f3 Nf6 17. Nb3 Bb6 18.
Rhe1 Rxe1 19. Rxe1 Kd7 20. Na4 Ba7 21. Nac5+ Kc8 22.
Re7 Nd5 23. Rxg7 Nxf4 24. g3 Nh5 25. Re7 Re8 26. Rxe8+ Bxe8 27. Kd2 a5 28. Ne4 a4 29. Nc1 Bg6 30. Ng5 Bg1 31. g4 Bxh2 32. gxh5 Bf4+ 33. Kd1 Bxh5 34. Nh3 Bxf3+ 35. Ne2 Bxe2+ 36. Kxe2 Bc1 37.
b4 axb3 38. Kd3 b2 0-1

[Event "*** Titled Tuesday 3|2 Blitz"]
[Site "Chess.com"]
[Date "2016.06.07"]
[Round "7"]
[White "Keranke"]
[Black "FCChelsea14"]
[Result "1-0"]
[WhiteElo "2576"]
[BlackElo "2406"]
[TimeControl "180+2"]
[EndTime "12:25:19 PDT"]
[Termination "Keranke won by resignation"]

1. d4 Nf6 2. c4 e6 3. g3 Bb4+ 4. Nd2 O-O 5. Bg2 d5 6. Qc2 c5 7. dxc5 Na6 8. cxd5 exd5 9. Nh3 Nxc5 10. O-O Nce4 11.
Nf3 Bg4 12. Nf4 Rc8 13. Qb3 Bc5 14. Qxb7 Re8 15. Qa6 Nxf2 16. Rxf2 Ne4 17. e3 Nxf2 18. Kxf2 Bxe3+ 19. Bxe3 Rc2+ 20. Ne2 Bxf3 21. Bxf3 d4 22. Bf4 d3 23. Re1 h6 24. Qxa7 Rxb2 25. a4 Qc8 26. Qd4 Qc2 27. a5 dxe2 28. a6 Rb1 29. Rxe2 Rxe2+ 30. Bxe2 1-0

[Event "*** Titled Tuesday 3|2 Blitz"]
[Site "Chess.com"]
[Date "2016.06.07"]
[Round "7"]
[White "Zhani-Z"]
[Black "HansCoolNiemann"]
[Result "1-0"]
[WhiteElo "2239"]
[BlackElo "2313"]
[TimeControl "180+2"]
[EndTime "12:25:21 PDT"]
[Termination "Zhani-Z won on time"]

1. e4 e6 2. d4 d5 3. Nd2 Be7 4. c3 c5 5. dxc5 Bxc5 6. Bd3 Nc6 7. Ngf3 Nf6 8. Qe2 O-O 9. e5 Nd7 10. Nb3 Be7 11. O-O Qc7 12. Bf4 h6 13. Rfe1 b6 14. Nfd4 Bb7 15. Qh5 Rfb8 16. Bxh6 gxh6 17. Qxh6 Nf8 18.
Nxc6 Bxc6 19. Re3 Be8 20. Rh3 Qxe5 21. Rg3+ Ng6 22. h4 1-0

[Event "*** Titled Tuesday 3|2 Blitz"]
[Site "Chess.com"]
[Date "2016.06.07"]
[Round "7"]
[White "mwpchess"]
[Black "ChessWarrior7197"]
[Result "0-1"]
[WhiteElo "2362"]
[BlackElo "2521"]
[TimeControl "180+2"]
[EndTime "12:25:23 PDT"]
[Termination "ChessWarrior7197 won by resignation"]

1. d4 Nf6 2. Nf3 e6 3. Bf4 d5 4.
e3 Bd6 5. Bg3 O-O 6. Nbd2 c5 7.
c3 Nc6 8. Bd3 b6 9. Ne5 Qc7 10.
f4 Bb7 11. Bh4 Nd7 12. Qh5 f5 13. Nxc6 Bxc6 14. g4 g6 15. Qg5 Kh8 16. gxf5 exf5 17. Nf3 Rae8 18. Ne5 Nxe5 19. dxe5 Be7 20. Qh6 Bxh4+ 21.
Qxh4 d4 22. Rg1 dxe3 23. Rxg6 Be4 24. Bxe4 fxe4 25. Rf6 Qd7 26. Rd1 Qg7 27. Rxf8+ Rxf8 28. Qg3 Qh6 29. Rd7 Rg8 30. Qxe3 Qxh2 31. Kf1 Qh1+ 32. Ke2 Rg2+ 33. Qf2 Rxf2+ 34. Kxf2 Qf3+ 35. Ke1 Qxf4 36. Rd8+ Kg7 37. Rd7+ Kg6 38. Rf7 Qxf7 0-1

[Event "*** Titled Tuesday 3|2 Blitz"]
[Site "Chess.com"]
[Date "2016.06.07"]
[Round "7"]
[White "rdclayton"]
[Black "jcibarra"]
[Result "0-1"]
[WhiteElo "2065"]
[BlackElo "2636"]
[TimeControl "180+2"]
[EndTime "12:25:26 PDT"]
[Termination "jcibarra won by resignation"]

1. d4 Nf6 2. c4 d6 3. Nc3 e5 4. Nf3 e4 5. Nd2 Bf5 6. e3 c6 7.
Qc2 d5 8. a4 Na6 9. a5 Nc7 10. b3 Bb4 11. Ba3 Bxa5 12. b4 Bb6 13.
c5 Qe7 14. cxb6 axb6 15. Qb3 b5 16. Bb2 O-O 17. Rxa8 Rxa8 18. Be2 h5 19. h4 Bg4 20.
Nf1 Nce8 21. Ng3 Nd6 22. Bxg4 Nxg4 23. Ke2 g6 24. Ra1 Rxa1 25. Bxa1 Qxh4 26. Qd1 Nc4 27.
Nb1 Ngxe3 28. fxe3 Qxg3 29. Qg1 Qg4+ 30. Ke1 Qg5 31. Ke2 Qg4+ 32. Ke1 Qc8 33. Nd2 Qa8 34. Bc3 Qa3 35. Nxc4 Qxc3+ 36. Kf2 bxc4 37. Qb1 Qd2+ 38. Kg1 Qxe3+ 39. Kh1 Qxd4 40. b5 0-1

[Event "*** Titled Tuesday 3|2 Blitz"]
[Site "Chess.com"]
[Date "2016.06.07"]
[Round "7"]
[White "theprosecution1"]
[Black "Noukii"]
[Result "0-1"]
[WhiteElo "2463"]
[BlackElo "2649"]
[TimeControl "180+2"]
[EndTime "12:25:28 PDT"]
[Termination "Noukii won by resignation"]

1. d4 Nf6 2. Nf3 d5 3. c4 c6 4. e3 Bf5 5. Nc3 e6 6. Nh4 Be4 7. f3 Bg6 8. Qb3 Qc7 9. Bd2 a6 10. g3 Be7 11. cxd5 cxd5 12. Rc1 Nc6 13. Nxg6 hxg6 14. Kf2 O-O 15. Bd3 Rfd8 16. Ne2 Rac8 17. h4 b5 18. g4 Qb6 19. h5 g5 20. h6 g6 21. Rcg1 Kh7 22. f4 gxf4 23. Nxf4 Na5 24. Qd1 Nc4 25. Bc1 e5 26. dxe5 Nxe5 27. g5 Ne4+ 28.
Kg2 Bxg5 29. Qf1 Rxc1 30. Qxc1 Bxf4 31. Bxe4 Bxe3 32. Qf1 dxe4 33. Qf6 Qxf6 0-1

[Event "*** Titled Tuesday 3|2 Blitz"]
[Site "Chess.com"]
[Date "2016.06.07"]
[Round "7"]
[White "Indianlad"]
[Black "Yaacovn"]
[Result "0-1"]
[WhiteElo "2528"]
[BlackElo "2640"]
[TimeControl "180+2"]
[EndTime "12:25:38 PDT"]
[Termination "Yaacovn won by resignation"]

1. d4 Nf6 2. Nf3 d5 3. c4 e6 4. Nc3 Be7 5. e3 O-O 6. a3 c5 7. dxc5 Bxc5 8. b4 Be7 9. Bb2 Nc6 10. Rc1 b6 11. cxd5 exd5 12. Bb5 Bb7 13. O-O Rc8 14. Ne2 Ne4 15. Ng3 Bf6 16. Bxf6 Qxf6 17. Nxe4 dxe4 18. Bxc6 Rxc6 19. Nd4 Rxc1 20. Qxc1 Rc8 21.
Qb1 g6 22. Rc1 Qd8 23. g3 h5 24. h4 Qd7 25. Rc2 Ba6 26. Qc1 Rxc2 27. Qxc2 Bd3 28.
Qc3 Qh3 29. Qa1 g5 30. Nc6 gxh4 31. Ne7+ Kh7 32. Qa2 Qf1+ 33. Kh2 hxg3+ 34. Kxg3 Qg1+ 35. Kf4 Qg4+ 36. Ke5 Qg7+ 37. Kf4 f6 38. Kf5 Qxe7 39. Qd5 Qe5+ 40. Qxe5 fxe5 41. Kg5 Be2 0-1

[Event "*** Titled Tuesday 3|2 Blitz"]
[Site "Chess.com"]
[Date "2016.06.07"]
[Round "7"]
[White "NewBornNow"]
[Black "Alexander_Moskalenko"]
[Result "0-1"]
[WhiteElo "2574"]
[BlackElo "2673"]
[TimeControl "180+2"]
[EndTime "12:25:40 PDT"]
[Termination "Alexander_Moskalenko won by resignation"]

1. e4 c5 2. Nf3 d6 3. d4 cxd4 4. Nxd4 Nf6 5. Nc3 g6 6. Be3 Bg7 7. f3 O-O 8. Qd2 Nc6 9. Bc4 Bd7 10. O-O-O Rc8 11. Bb3 Ne5 12. Kb1 a6 13. h4 h5 14. g4 hxg4 15. h5 Nxh5 16. Bh6 Kh7 17. Bxg7 Kxg7 18. fxg4 Bxg4 19. Rdg1 Rh8 20. Rh4 Nf6 21.
Rgh1 Qb6 22. Qf2 Qc5 23. Qh2 Rh5 24. Rxh5 Bxh5 25. Qg1 b5 26. Qe3 Nf3 27. Nce2 Nxd4 28. Nxd4 a5 29. a4 bxa4 30. Nf5+ gxf5 31. Qg5+ Kf8 32.
Bxa4 fxe4 33. Qh6+ Kg8 34. Bb3 Qe5 35. Rg1+ Ng4 36. Rh1 Nxh6 0-1

[Event "*** Titled Tuesday 3|2 Blitz"]
[Site "Chess.com"]
[Date "2016.06.07"]
[Round "7"]
[White "TomsKantans"]
[Black "ItalianMachine"]
[Result "1-0"]
[WhiteElo "2454"]
[BlackElo "2328"]
[TimeControl "180+2"]
[EndTime "12:25:41 PDT"]
[Termination "TomsKantans won by resignation"]

1. e4 e5 2. Nf3 Nc6 3. Bb5 a6 4.
Ba4 Nf6 5. O-O b5 6. Bb3 Be7 7. c3 d6 8. d4 O-O 9. Re1 Bg4 10. Be3 Na5 11. Bc2 Nc4 12. Bc1 c5 13. b3 Nb6 14. Nbd2 Qc7 15. h3 Be6 16. Nf1 cxd4 17. cxd4 Rac8 18. Bd3 Qc3 19. Be3 Qc7 20. Qd2 Nxe4 21.
Bxe4 f5 22. dxe5 fxe4 23. Nd4 Bd7 24. Rac1 Qb8 25. e6 Be8 26. Ng3 g6 27. Nxe4 Nd5 28.
Bh6 Qb6 29. Rxc8 1-0

[Event "*** Titled Tuesday 3|2 Blitz"]
[Site "Chess.com"]
[Date "2016.06.07"]
[Round "7"]
[White "FearlessKing64"]
[Black "Masterbeaterr"]
[Result "0-1"]
[WhiteElo "2068"]
[BlackElo "2319"]
[TimeControl "180+2"]
[EndTime "12:26:05 PDT"]
[Termination "Masterbeaterr won on time"]

1. e4 e5 2. Nf3 Nc6 3. Bc4 Nf6 4. d4 exd4 5. e5 Ne4 6. Bd5 Nc5 7. O-O Ne6 8. Re1 Be7 9. Nbd2 d6 10. Bxc6+ bxc6 11. exd6 cxd6 12. Ne4 c5 13. c3 dxc3 14. Qd5 Rb8 15. bxc3 O-O 16. c4 Bb7 17. Qd3 Bxe4 18. Rxe4 Bf6 19. Rb1 Rxb1 20. Qxb1 d5 21. cxd5 Qxd5 22.
Re1 Nd4 23. Nd2 c4 24. Ne4 Bd8 25. Bb2 Bb6 26. Rd1 Re8 27. Nc3 Qg5 28. h3 Nf3+ 29. Kh1 Nh4 30. Rg1 Bxf2 31. Qc1 Qg3 32. Qf1 Bxg1 33. Qxg1 Re1 0-1

[Event "*** Titled Tuesday 3|2 Blitz"]
[Site "Chess.com"]
[Date "2016.06.07"]
[Round "7"]
[White "sandropozo"]
[Black "JSPrepz"]
[Result "0-1"]
[WhiteElo "2412"]
[BlackElo "2392"]
[TimeControl "180+2"]
[EndTime "12:26:15 PDT"]
[Termination "JSPrepz won on time"]

1. d4 Nf6 2. Nf3 d5 3. c4 dxc4 4.
e3 b5 5. a4 b4 6. Bxc4 e6 7.
O-O Be7 8. Qe2 Bb7 9. a5 a6 10. Nbd2 Nbd7 11. e4 c5 12. e5 Nd5 13. Ne4 cxd4 14. Bg5 O-O 15. Bd2 Nc5 16. Nxc5 Bxc5 17. Bd3 Ne7 18. Ng5 h6 19. Nh7 Re8 20. Qh5 Qd5 21.
f3 Nf5 22. Bxf5 Qxe5 23. Bxh6 Qxf5 24. Ng5 gxh6 25. Qxh6 Qg6 26. Qh4 d3+ 27. Kh1 Kg7 28. f4 Rh8 29. Qg3 Rae8 30. f5 exf5 31. Rxf5 Qxf5 32.
Ne6+ Kf6 33. Nxc5 d2 34. Qd6+ Kg7 35. Qd4+ Qe5 36. Qg4+ Kh7 37. Qh4+ Kg8 38. Qg4+ Qg7 0-1

[Event "*** Titled Tuesday 3|2 Blitz"]
[Site "Chess.com"]
[Date "2016.06.07"]
[Round "7"]
[White "Iball95"]
[Black "Usurpov"]
[Result "1-0"]
[WhiteElo "2453"]
[BlackElo "2340"]
[TimeControl "180+2"]
[EndTime "12:26:16 PDT"]
[Termination "Iball95 won by resignation"]

1. c4 Nf6 2. d4 g6 3. g3 c6 4. Bg2 d5 5. Qa4 Nfd7 6. cxd5 Nb6 7. Qc2 cxd5 8. Nf3 Bg7 9. O-O Nc6 10. Nc3 O-O 11.
Rd1 Bf5 12. Qb3 Rc8 13. Bf4 Na5 14. Qb4 Nac4 15. Ne5 a5 16. Qb3 a4 17. Qb4 Re8 18. Nxc4 Rxc4 19. Qa5 Rxd4 20. Rxd4 Bxd4 21. Nxa4 Nxa4 22.
Qxa4 Bxb2 23. Rd1 e6 24. e4 Qa8 25. Qxa8 Rxa8 26. exf5 gxf5 27. Rd2 Rxa2 28. Bf1 f6 29. Be3 e5 30. Rxd5 Ra1 31. Kg2 f4 32. gxf4 exf4 33.
Bxf4 Kg7 34. Rb5 Be5 35. Rxb7+ Kg6 36. Bd3+ Kh5 37. Bg3 h6 38. Rg7 1-0